 Dungeon Crawl Stone Soup version 0.29-a0-362-g5854e031c7 (webtiles) character file.

Game seed: 10056256002042430967

905 casanoah the Ducker (level 8, -5/47 HPs)
             Began as a Tengu Warper on Apr 29, 2022.
             Was a Believer of the Shining One.
             Slain by Duvessa
             ... wielding a +0 short sword
              (11 damage)
             ... on level 4 of the Dungeon.
             The game lasted 00:06:58 (6313 turns).

casanoah the Ducker (Tengu Warper)                  Turns: 6313, Time: 00:06:59

Health: -5/47      AC:  4    Str: 11    XL:     8   Next: 8%
Magic:  12/12      EV: 16    Int: 15    God:    the Shining One [**....]
Gold:   208        SH:  0    Dex: 15    Spells: 9/11 levels left

rFire   . . .      SeeInvis .   i - +0 whip (elec)
rCold   . . .      Faith    .   (no shield)
rNeg    + . .      Spirit   .   b - +0 leather armour
rPois   .          Reflect  .   k - +1 hat
rElec   .          Harm     .   n - scarf {repulsion}
rCorr   .          Rampage  .   (no gloves)
Will    +....                   (boots unavailable)
Stlth   +.........              (no amulet)
HPRegen 0.15/turn               a - ring of willpower
MPRegen 0.13/turn               (no ring)

@: flying quickly and evasively, glowing, repel missiles, quick
A: beak, talons 3, nimble flight
a: Renounce Religion, Divine Shield


You were on level 4 of the Dungeon.
You worshipped the Shining One.
The Shining One was pleased with you.
You visited 2 branches of the dungeon, and saw 5 of its levels.

You collected 208 gold pieces.

Inventory:

Hand Weapons
 i - a +0 whip of electrocution (weapon)
Missiles
 d - 7 boomerangs of dispersal (quivered)
Armour
 b - a +0 leather armour (worn)
 j - a +1 cloak
 k - a +1 hat (worn)
 n - a scarf of repulsion (worn)
Jewellery
 a - a ring of willpower (left hand)
Wands
 x - a wand of flame (17)
Scrolls
 e - 2 scrolls of fog {unknown}
 g - 4 scrolls of identify {unknown}
 l - 2 scrolls of vulnerability {unknown}
 m - 3 scrolls of teleportation {unknown}
 o - a scroll of amnesia {unknown}
 q - a scroll of noise {unknown}
 r - a scroll of acquirement {unknown}
 s - a scroll of enchant armour {unknown}
 w - a scroll of silence {unknown}
Potions
 f - a potion of berserk rage {unknown}
 h - a potion of brilliance {unknown}
 p - a potion of flight {unknown}
 t - a potion of might {unknown}
 v - a potion of magic {unknown}


   Skills:
 + Level 3.6 Fighting
 + Level 4.9 Maces & Flails
 + Level 2.5 Polearms
 + Level 1.0 Throwing
 + Level 4.3 Armour
 + Level 5.0 Dodging
 + Level 1.8 Stealth
 + Level 2.2 Spellcasting
 + Level 3.2 Translocations


You had 9 spell levels left.
You knew the following spells:

 Your Spells              Type           Power      Damage    Failure   Level
a - Blink                 Tloc           22%        N/A       11%         2

Your spell library contained the following spells:

 Spells                   Type           Power      Damage    Failure   Level
 Gell's Gravitas          Tloc           11%        N/A       22%         3
 Lesser Beckoning         Tloc           11%        N/A       22%         3
 Teleport Other           Tloc           11%        N/A       22%         3
 Corpse Rot               Necr/Air       2%         N/A       38%         2
 Poisonous Vapours        Pois/Air       2%         N/A       38%         2
 Manifold Assault         Tloc           11%        N/A       90%         5


Dungeon Overview and Level Annotations

Branches:
Dungeon (4/15)             Temple (1/1) D:4

Altars:
The Shining One

Annotations:
D:4 Duvessa


Innate Abilities, Weirdness & Mutations

You have a beak for a mouth.
You have claws for feet.
Your magical nature lets you fly swiftly and evasively.


Message History

You hit Duvessa. Your kick misses Duvessa.
Duvessa is moderately wounded.
Duvessa closely misses you.
Dowan says, "Magic and the sword, together, will defeat you."
You hit Duvessa. Your kick misses Duvessa. You peck Duvessa, but do no damage.
Duvessa is moderately wounded.
Duvessa hits you with a +0 short sword!
Dowan gestures wildly while chanting.
Dowan blinks!
You closely miss Dowan. Your peck misses Dowan. Duvessa barely misses you.
Dowan closely misses you.
You hit Dowan. Lightning courses through Dowan! Your kick misses Dowan.
Dowan is severely wounded.
Dowan misses you. Duvessa hits you with a +0 short sword!
You hit Dowan but do no damage. Lightning courses through Dowan!
You kill Dowan!
Duvessa weeps, and shakes her weapon.
Duvessa goes berserk!
Duvessa barely misses you.
Your Dodging skill increases to level 5!
Things that are here:
a +2 dagger of protection; a +0 robe; the elf corpse of Dowan Blink to where?
Press: ? - help, Dir - move target
As you read the scroll of blinking, it crumbles to dust.
Blink to where?
Press: ? - help, Dir - move target
As you read the scroll of blinking, it crumbles to dust.
Duvessa rages.
It was a potion of curing.
You feel better.
Duvessa rages.
Duvessa attacks as you move away!
Duvessa hits you with a +0 short sword!!
* * * LOW HITPOINT WARNING * * *
Duvessa rages.
Duvessa closely misses you.
You feel better. Duvessa hits you with a +0 short sword!
* * * LOW HITPOINT WARNING * * *
Duvessa attacks as you move away! Duvessa barely misses you.
Duvessa hits you with a +0 short sword!
You die...

##### ######### ....#
########.......# ###.#
#........#####.# #.# #........#
#.#
###[###########........#####.####
.................................
..#.##################.#####.####
..#....................#####.....
..+............<@e...............
....§§≈..#.######################
.#.§§§≈≈.#.# ## .#≈§§§§≈≈#.##
##########. .#≈§≈§§§≈...#
#.......##. ##≈§§§§≈§...#
#######.......#.. ...§≈§≈≈....#
#.....#.......#.. ....§§§§....#
#.....#.....>.... ............#
#.....#........##


You could see Duvessa (berserk).

Vanquished Creatures
  Grinder (D:4)
  A phantom (D:4)
  Blork the orc (D:4)
  A bullfrog (D:4)
  A necrophage (D:4)
  2 scorpions (D:4)
  Dowan (D:4)
  2 hounds (D:4)
  2 iguanas
  7 adders
  3 gnolls
  A worm (D:3)
  8 orcs
  3 ball pythons
  5 bats
  4 endoplasms
  3 giant cockroaches
  9 goblins
  3 hobgoblins
  9 kobolds
  A quokka (D:3)
  A frilled lizard (D:3)
  6 rats
75 creatures vanquished.

Vanquished Creatures (others)
  15 plants
15 creatures vanquished.

Grand Total: 90 creatures vanquished

Notes
Turn   | Place    | Note
-------+----------+-------------------------------------------
     0 | D:1      | casanoah the Tengu Warper began the quest for the Orb.
     0 | D:1      | Reached XP level 1. HP: 12/12 MP: 4/4
   132 | D:1      | Reached XP level 2. HP: 7/17 MP: 6/6
   639 | D:1      | Learned a level 2 spell: Blink
  1167 | D:2      | Reached XP level 3. HP: 21/21 MP: 7/7
  1261 | D:2      | Reached skill level 3 in Dodging
  2177 | D:2      | Found a faded altar of an unknown god.
  2199 | D:2      | Prayed at the altar of an unknown god.
  2199 | D:2      | Became a worshipper of the Shining One
  2199 | D:2      | Reached * piety under the Shining One
  2236 | D:2      | Reached XP level 4. HP: 24/26 MP: 8/8
  2808 | D:3      | Reached skill level 1 in Maces & Flails
  2863 | D:3      | Gained mutation: Your magical nature lets you fly swiftly
                  | and evasively. [Tengu growth]
  2863 | D:3      | Reached XP level 5. HP: 15/30 MP: 9/9
  4051 | D:4      | Noticed Grinder
  4071 | D:4      | Reached skill level 4 in Dodging
  4071 | D:4      | Reached XP level 6. HP: 29/36 MP: 10/10
  4249 | D:4      | Noticed Blork the orc
  4465 | D:4      | Killed Blork the orc
  4466 | D:4      | Reached skill level 1 in Stealth
  4543 | D:4      | Reached ** piety under the Shining One
  4938 | D:4      | Reached XP level 7. HP: 16/41 MP: 11/11
  4945 | D:3      | HP: 2/41 [poisoned by a scorpion]
  5631 | D:4      | Killed Grinder
  5903 | D:4      | Found a staircase to the Ecumenical Temple.
  5916 | Temple   | Entered the Ecumenical Temple
  6161 | D:4      | Reached XP level 8. HP: 45/46 MP: 12/12
  6250 | D:4      | Noticed Duvessa
  6252 | D:4      | Noticed Dowan
  6284 | D:4      | Killed Dowan
  6285 | D:4      | Reached skill level 5 in Dodging
  6313 | D:4      | Slain by Duvessa

Illustrated notes

Levels and vault maps discovered:
D:1:      doesnt_arrival_eight_statues, layout_rooms, kennysheep_minor_cross,
          serial_bayou_lake_a
D:2:      layout_basic, hellmonk_ecumenical_altar_arch_garden,
          nicolae_grassy_gnolls
D:3:      minmay_wonky_spiral, layout_loops_ring
D:4:      layout_basic, minmay_temple_entry_mist, uniq_blork_the_orc,
          uniq_duvessa, uniq_grinder
Temple:   kilobyte_greek_temple

Skill      XL: |  1  2  3  4  5  6  7  8 |
---------------+-------------------------+-----
Translocations | 3 |  3.2
Dodging        | 3 4 5 |  5.0
Maces & Flails | 1 2 3 4 |  4.9
Armour         | 2 3 4 |  4.3
Stealth        | 1 |  1.8
Fighting       | 3 |  3.6
Polearms       | |  2.5
Throwing       | |  1.0
Spellcasting   | |  2.2

Action                   |  1- 3 |  4- 6 |  7- 9 || total
-------------------------+-------+-------+-------++-------
Melee: Spear             |    31 |       |       ||    31
       Kick              |    13 |    34 |     9 ||    56
       Whip              |    48 |    90 |    29 ||   167
       Peck              |     4 |    11 |     7 ||    22
       Punch             |     1 |     1 |       ||     2
 Cast: Blink             |     1 |       |       ||     1
  Use: Scroll            |       |       |     2 ||     2
       Potion            |       |       |     2 ||     2
Armor: Leather armour    |    19 |    12 |     5 ||    36
Dodge: Dodged            |    31 |    60 |    14 ||   105

Table legend: (Time is in decaauts)
 A = Elapsed time spent in this place.
 B = Non-inter-level travel time spent in this place.
 C = Inter-level travel time spent in this place.
 D = Time resting spent in this place.
 E = Time spent auto-exploring this place.
 F = Levels seen in this place.
 G = Mean time per level.
                   A        B        C        D        E       F      G
               +--------+--------+--------+--------+--------+-----+--------+
         Total |   6254 |   6121 |    133 |   3210 |   2047 |   5 | 1250.8 |
       Dungeon |   6252 |   6119 |    133 |   3210 |   2047 |   4 | 1563.0 |
        Temple |      1 |      1 |      0 |      0 |      0 |   1 |    1.0 |
               +--------+--------+--------+--------+--------+-----+--------+

Top non-repeatable levels by time:
     D:3: 1853 daAuts
     D:4: 1664 daAuts
     D:1: 1377 daAuts
     D:2: 1358 daAuts
  Temple: 1 daAuts
